 Dungeon Crawl Stone Soup version 0.26.1-11-gd32895ea62 (webtiles) character file.

Game seed: 17251364507285984215

46 phalm the Conjurer (level 3, -2/19 HPs)
             Began as a Deep Elf Conjurer on May 4, 2021.
             Slain by Natasha (10 damage)
             ... on level 2 of the Dungeon.
             The game lasted 00:02:11 (1455 turns).

phalm the Conjurer (Deep Elf Conjurer)              Turns: 1455, Time: 00:02:13

Health: -2/19      AC:  0    Str:  4    XL:     3   Next: 46%
Magic:  9/9        EV: 15    Int: 23    God:
Gold:   86         SH:  0    Dex: 13    Spells: 5/8 levels left

rFire    . . .     SeeInvis .   (weapon currently unavailable)
rCold    . . .     Faith    .   (shield currently unavailable)
rNeg     . . .     Spirit   .   (armour currently unavailable)
rPois    .         Reflect  .   (helmet currently unavailable)
rElec    .         Harm     .   (cloak currently unavailable)
rCorr    .         Rampage  .   (gloves currently unavailable)
Will     .....                  (boots currently unavailable)
Stlth    ++........             (no amulet)
HPRegen  0.06/turn              (ring currently unavailable)
MPRegen  0.11/turn              (ring currently unavailable)

@: pig-form (expiring), very quick
A: small
a: no special abilities


You were on level 2 of the Dungeon.
You were a filthy swine.
You visited 1 branch of the dungeon, and saw 2 of its levels.

You collected 86 gold pieces.


   Skills:
 - Level 2.4 Dodging
 - Level 2.4 Stealth
 - Level 3.0 Spellcasting
 * Level 5.8 Conjurations


You had 5 spell levels left.
You knew the following spells:

 Your Spells              Type           Power        Failure   Level
m - Magic Dart            Conj           100%         1%          1
s - Searing Ray           Conj           60%          1%          2

Your spell library contained the following spells:

 Spells                   Type           Power        Failure   Level
 Dazzling Flash           Conj/Hex       32%          11%         3
 Fulminant Prism          Conj/Hex       8%           34%         4
 Iskenderun's Mystic Bla  Conj/Tloc      16%          34%         4

Inventory:

Hand Weapons
 k - a +0 club (melded)
   (You took it off a hobgoblin on level 2 of the Dungeon)
Armour
 a - a +0 robe (melded)
Scrolls
 e - 2 scrolls of identify {unknown}
 f - 3 scrolls of teleportation {unknown}
 g - a scroll of enchant weapon {unknown}
 j - a scroll of remove curse {unknown}
 l - a scroll of enchant armour {unknown}
 m - a scroll of amnesia {unknown}
Potions
 b - a potion of attraction {unknown}
 c - a potion of haste {unknown}
 d - a potion of degeneration {unknown}
 h - a potion of brilliance {unknown}
 i - 2 potions of heal wounds {unknown}

Dungeon Overview and Level Annotations

Branches:
Dungeon (2/15)

Altars:

Annotations:
D:2 Natasha

...#######........#
########
.........)........#
#......# .####โ€
...#.....##.# #.####.#
.# #....###โ€ .....#
#.# #.# .#
#......รท......# ##.#
#.# .# #.............#
..#.# #.# .#
##.........##.# .##.#
#.# .#
#######.#h##'###...#.#
#.# ##
#.#.#h...#...#.####.#
#.#.h........#...##.#
##.###....#####.####.#
.....##'#..........#.#
#.....#.#.######.#.#.#
+>....+.#.# #.#.#.#
#h....###.# ###.#.#.#
.##.# #.# #.....#.# #
#.# #.#...#.#


You could see Natasha.


Message History

You lost 1 mp, and now have 8/9 mp.
The magic dart hits the goblin.
You kill the goblin! ๐Ÿ˜Ž MP[-1]
You lost 1 mp, and now have 7/9 mp.
The magic dart hits the jackal. ๐Ÿ˜Ž MP[-1]
You lost 1 mp, and now have 6/9 mp.
The magic dart hits the jackal.
You kill the jackal!
A jackal comes into view. ๐Ÿ˜Ž MP[-1]
You lost 1 mp, and now have 5/9 mp.
The magic dart hits the jackal.
The jackal barks! ๐Ÿ˜Ž MP[-1]
You lost 1 mp, and now have 4/9 mp.
The magic dart hits the jackal but does no damage. ๐Ÿ˜Ž MP[-1]
You lost 1 mp, and now have 3/9 mp.
The magic dart hits the jackal.
You kill the jackal! ๐Ÿ˜Ž MP[-1]
You lost 1 mp, and now have 2/9 mp.
You can't see any susceptible monsters within range! (Use Z to cast anyway.)
There is an open door here.
Things that are here:
a +0 club; a goblin corpse; ๐Ÿ˜Ž MP[+7]
Your mp is fully restored (9).
You now have 86 gold pieces (gained 12).
You open the door.
There is an open door here.
A hobgoblin comes into view.
The hobgoblin shouts!
The magic dart hits the hobgoblin.
You kill the hobgoblin! ๐Ÿ˜Ž MP[-1]
You lost 1 mp, and now have 8/9 mp.
You can't see any susceptible monsters within range! (Use Z to cast anyway.)
You can't see any susceptible monsters within range! (Use Z to cast anyway.)
A kobold comes into view.
The magic dart hits the kobold. ๐Ÿ˜Ž MP[-1]
You lost 1 mp, and now have 7/9 mp.
The magic dart hits the kobold.
You kill the kobold! ๐Ÿ˜Ž MP[-1]
You lost 1 mp, and now have 6/9 mp.
You can't see any susceptible monsters within range! (Use Z to cast anyway.)
You open the door.
There is an open door here.
You open the door.
Natasha, Servant of Life and Death comes into view.
She is carrying a wand of polymorph (12).
Found a stone staircase leading down. ๐Ÿ˜Ž MP[+3]
Your mp is fully restored (9).
The magic dart hits Natasha.
Natasha zaps a wand.
You turn into a filthy swine.
Your +0 club melds into your body.
Your +0 robe melds into your body. ๐Ÿ˜Ž MP[-1]
You lost 1 mp, and now have 8/9 mp.
You can't do that in your present form.
You close the door.
There is an open door here.
You start resting.
Natasha is nearby!
You open the door.
Natasha casts a spell.
There is an open door here. ๐Ÿ˜Ž MP[+1]
Your mp is fully restored (9).
Natasha stares at you and mumbles some strange words.
You resist with some effort.
You close the door.
You start waiting.
Natasha is nearby!
You open the door.
Your transformation is almost over.
Natasha mumbles some strange words.
You feel troubled.
There is an open door here.
Which direction?
You close the door.
Something unseen opens the door.
You hit Natasha. Natasha barely misses you.
You barely miss Natasha. Natasha misses you.
You hit Natasha. Natasha casts a spell at you.
The magic dart hits you. ๐Ÿ˜ฎ HP[-6]
You take 6 damage, and now have 13/19 hp.
MASSIVE DAMAGE!! (PAUSE)
You closely miss Natasha. Natasha claws you.
* * * LOW HITPOINT WARNING * * *
๐Ÿ˜จ HP[-5]
You take 5 damage, and now have 8/19 hp.
MASSIVE DAMAGE!! (PAUSE)
You closely miss Natasha. Natasha claws you!
Ouch! That really hurt!
You die...

Skill      XL: |  1  2 |
---------------+-------+-----
Conjurations   | 5 |  5.8
Dodging        | |  2.4
Stealth        | |  2.4
Spellcasting   | |  3.0

Action                   || total
-------------------------++-------
Melee: Unarmed           ||     5
 Cast: Magic Dart        ||    42
       Searing Ray       ||     3
Armor: Robe              ||     2
Dodge: Dodged            ||     5

Levels and vault maps discovered:
D:1:      sevenhm_arrival_forest_fort_small_5, layout_basic
D:2:      layout_basic, uniq_sigmund, uniq_terence, uniq_natasha

Notes
Turn   | Place    | Note
-------+----------+-------------------------------------------
     0 | D:1      | phalm the Deep Elf Conjurer began the quest for the Orb.
     0 | D:1      | Reached XP level 1. HP: 10/10 MP: 6/6
     0 | D:1      | magus.rc [v1.9.10]
   235 | D:1      | Reached XP level 2. HP: 15/15 MP: 5/8
   238 | D:1      | Learned a level 2 spell: Searing Ray
   455 | D:1      | Reached skill level 5 in Conjurations
   595 | D:1      | HP: 3/15 [gnoll (7)]
  1101 | D:2      | Reached XP level 3. HP: 19/19 MP: 6/9
  1428 | D:2      | Noticed Natasha
  1455 | D:2      | Slain by Natasha

Vanquished Creatures
  A gnoll (D:1)
  An adder (D:2)
  3 giant cockroaches (D:1)
  3 goblins
  3 hobgoblins
  6 jackals
  4 kobolds
  A quokka (D:2)
  A bat (D:1)
  A rat (D:2)
24 creatures vanquished.

Table legend:
 A = Non-vault XP
 B = Vault XP
 C = Vault XP percentage of total XP
 D = Non-vault monster count
 E = Vault monster count
 F = Vault count percentage of total count
                 A         B        C        D         E       F
            +---------+---------+-------+---------+---------+-------
      Total |      67 |       0 |   0.0 |      24 |       0 |   0.0
            +---------+---------+-------+---------+---------+-------
        D:1 |      40 |       0 |   0.0 |      15 |       0 |   0.0
        D:2 |      27 |       0 |   0.0 |       9 |       0 |   0.0
            +---------+---------+-------+---------+---------+-------

Illustrated notes

Table legend:
 A = Kills in this place as a percentage of kills in entire the game.
 B = Kills by you in this place as a percentage of kills by you in the entire game.
 C = Kills by friends in this place as a percentage of kills by friends in the entire game.
 D = Other kills in this place as a percentage of other kills in the entire game.
 E = Experience gained in this place as a percentage of experience gained in the entire game.
 F = Experience gained in this place divided by the number of levels of this place that you have seen.
                   A       B       C       D       E      F
               +-------+-------+-------+-------+-------+----------------------
         Total | 100.0 | 100.0 |   N/A |   N/A | 100.0 |  33.5
       Dungeon | 100.0 | 100.0 |   N/A |   N/A | 100.0 |  33.5
               +-------+-------+-------+-------+-------+----------------------

Table legend: (Time is in decaauts)
 A = Elapsed time spent in this place.
 B = Non-inter-level travel time spent in this place.
 C = Inter-level travel time spent in this place.
 D = Time resting spent in this place.
 E = Time spent auto-exploring this place.
 F = Levels seen in this place.
 G = Mean time per level.
                   A        B        C        D        E       F      G
               +--------+--------+--------+--------+--------+-----+--------+
         Total |   1453 |   1441 |     12 |     10 |   1331 |   2 |  726.5 |
       Dungeon |   1453 |   1441 |     12 |     10 |   1331 |   2 |  726.5 |
               +--------+--------+--------+--------+--------+-----+--------+

Top non-repeatable levels by time:
     D:1: 1100 daAuts
     D:2: 352 daAuts
